 Dungeon Crawl Stone Soup version 0.16-a0-747-geaeaf20 (webtiles) character file.

29 RobertPalmer the Chiller (level 3, 0/21 HPs)
             Began as an Octopode Ice Elementalist on Sept 23, 2014.
             Slain by an adder (2 damage)
             ... on Level 2 of the Dungeon.
             The game lasted 00:02:20 (1839 turns).

RobertPalmer the Chiller (OpIE)                     Turns: 1839, Time: 00:02:20

HP   0/21        AC  1     Str  7      XL: 3   Next: 16%
MP   2/6         EV 12     Int 17      God:
Gold 112         SH  0     Dex 13      Spells:  2 memorised,  2 levels left

rFire  . . .     SeeInvis .     e - +0 short sword
rCold  . . .     Clarity  .     (no shield)
rNeg   . . .     rCorr    .     (helmet restricted)
rPois  .         rRot     .     (no amulet)
rElec  .         Spirit   .     (no ring)
SustAb .         Warding  .     (no ring)
rMut   .         Stasis   .     (no ring)
Gourm  .                        (no ring)
MR     .....                    (no ring)
                                (no ring)
                                (no ring)
                                (no ring)

@: very slightly contaminated, not resistant to hostile enchantments, fairly
stealthy
A: almost no armour, amphibious, 8 rings, constrict 8, camouflage 1, gelatinous
body 1
a: no special abilities


You were on level 2 of the Dungeon.
You were hungry.

You visited 1 branch of the dungeon, and saw 2 of its levels.

You collected 112 gold pieces.


Innate Abilities, Weirdness & Mutations

You cannot wear most types of armour.
You are amphibious.
You can wear up to eight rings at the same time.
You can use your tentacles to constrict many enemies at once.
Your skin changes colour to match your surroundings (Stealth).
Your rubbery body absorbs attacks (AC +1).


   Skills:
 - Level 2.0 Dodging
 + Level 3.0 Stealth
 - Level 2.0 Spellcasting
   Level 1.0 Conjurations
 - Level 4.0 Ice Magic


You had 2 spell levels left.
You knew the following spells:

 Your Spells              Type           Power        Failure   Level  Hunger
a - Ozocubu's Armour      Chrm/Ice       #.......     24%         3    ####...
z - Freeze                Ice            ###.         3%          1    #......

Inventory:

Hand weapons
 e - a +0 short sword (weapon)
Comestibles
 c - 3 bread rations
 f - a meat ration
Scrolls
 d - a scroll of recharging {unknown}
 g - a scroll of identify {unknown}
 h - 2 scrolls of remove curse {unknown}
 j - a scroll of amnesia {unknown}
Potions
 a - a potion of confusion {unknown}
 i - a potion of curing {unknown}
 k - a potion of might {unknown}
Books
 b - a book of Frost

Dungeon Overview and Level Annotations

Branches:
Dungeon (2/15)

Altars:
Gozag

##$$$##.#
####.#####.$_$##.#
#.....(...%$$$...#
##.#.###.#######.#
#.###.# #.#
#.....# #.#
#...rw# #.#
#####S# #.# #@#
#.# #.# #r# #.. .
>..[ #####


You could see a worm, an adder and a rat.


Message History

You shiver with cold.
The worm bites you!
Ouch! That really hurt!
* * * LOW HITPOINT WARNING * * *
Unknown command.
Found a stone staircase leading down.
An adder comes into view.
The adder completely misses you.
The rat twitches its whiskers.
The adder closely misses you.
You see here a white potion.
The adder misses you.
Found a ring mail.
Aiming: Freeze
Aim: an adder You freeze the adder.
The adder is moderately wounded.
The adder closely misses you.
Aiming: Freeze
Aim: an adder (moderately wounded)
You freeze the adder.
The adder is almost dead.
The adder bites you.
* * * LOW HITPOINT WARNING * * *
Unknown command.
Aiming: Freeze
Aim: an adder (almost dead)
You freeze the adder.
The adder is almost dead.
The adder bites you.
You die...

Action                   || total
-------------------------++-------
Melee: Unarmed           ||    30
       Short sword       ||    38
 Cast: Freeze            ||    11
 Stab: Sleeping          ||     6
  Eat: Chunk             ||     2

Vault maps used:
D:1:      mrwooster_arrival_arrow, minivault_14, minmay_misc_feat_pillars,
          hangedman_decor_points, minmay_liquid_box
D:2:      tgw_trog, nicolae_gozag_seed_capital

Notes
Turn   | Place    | Note
--------------------------------------------------------------
     0 | D:1      | RobertPalmer, the Octopode Ice Elementalist, began the quest for the Orb.
     0 | D:1      | Reached XP level 1. HP: 11/11 MP: 3/3
   501 | D:1      | Reached XP level 2. HP: 7/17 MP: 2/4
  1324 | D:1      | Reached skill level 4 in Ice Magic
  1541 | D:1      | Reached XP level 3. HP: 11/21 MP: 6/6
  1550 | D:1      | Learned a level 3 spell: Ozocubu's Armour
  1774 | D:2      | Reached skill level 3 in Stealth
  1819 | D:2      | Found an opulent altar of Gozag.
  1838 | D:2      | HP: 2/21 [adder (5)]
  1839 | D:2      | Slain by an adder

Vanquished Creatures
  A giant gecko (D:1)
  2 giant cockroaches (D:1)
  10 hobgoblins
  4 bats
  A giant newt (D:1)
  3 goblins
  2 kobolds (D:1)
  3 rats (D:1)
26 creatures vanquished.
